 Dungeon Crawl Stone Soup version 0.17-a0-1103-ga40c899 (webtiles) character file.

913841 MonkeyBuisness the Conqueror (level 27, -4/199 HPs)
             Began as a Gargoyle Fighter on May 17, 2015.
             Was the Champion of the Shining One.
             Killed from afar by a hellion (31 damage)
             ... with a burst of hellfire
             ... in Pandemonium on May 21, 2015.
             The game lasted 10:46:40 (112790 turns).

MonkeyBuisness the Conqueror (Gargoyle Fighter)   Turns: 112790, Time: 10:46:40

Health: -4/199     AC: 76    Str: 33    XL:     27
Magic:  46/48      EV: 23    Int: 12    God:    the Shining One [******]
Gold:   8337       SH: 29    Dex: 18    Spells: 0 memorised, 26 levels left

rFire  . . .     SeeInvis .     G - +9 sacred scourge (holy)
rCold  . . .     Clarity  .     H - +13 crystal plate armour "Fyow" {rElec Regen+}
rNeg   + + +     SustAb   .     t - +2 large shield {reflect}
rPois  ∞         Gourm    .     k - +2 hat of Crawling {rCorr Str+2 Int+2}
rElec  +         Spirit   .     E - +0 cloak {MR+}
rCorr  +         Warding  .     C - +1 pair of gloves
rMut   +         Stasis   .     P - +2 pair of boots "Duecaah" {rCorr}
MR     +++..                    a - amulet of resist mutation {rMut, !d}
Stlth  ..........               n - ring of Departure {MP+9 Str+7 Slay+2 Stlth+}
                                v - ring of the Octopus King {rN+ AC+1 EV+1 Str+1 Int+1 Dex+1}

@: flying, very slightly contaminated, glowing, extremely resistant to hostile
enchantments, extremely unstealthy
A: big wings, repulsion field 1, dopey 1, negative energy resistance 1,
electricity resistance, unbreathing, petrification resistance, rot immunity, AC
+20
a: Stop Flying, Divine Shield, Cleansing Flame, Summon Divine Warrior, Renounce
Religion
}: 7/15 runes: serpentine, barnacled, slimy, silver, abyssal, demonic, fiery


You were in Pandemonium.
You worshipped the Shining One.
The Shining One was exalted by your worship.
You were full.

You visited 12 branches of the dungeon, and saw 62 of its levels.
You visited Pandemonium 2 times, and saw 17 of its levels.
You visited the Abyss 2 times.
You visited 1 bazaar.
You visited 1 ziggurat, and saw 8 of its levels.
You also visited: Ice Cave and Volcano.

You collected 11506 gold pieces.
You spent 3169 gold pieces at shops.

Inventory:

Hand weapons
 G - a +9 sacred scourge of holy wrath (weapon) (the Shining One gifted it to you in the Ecumenical Temple)
Armour
 k - the +2 hat of Crawling (worn) {rCorr Str+2 Int+2}
   (You bought it in a shop in a bazaar)

   It affects your strength (+2).
   It affects your intelligence (+2).
   It protects you from acid and corrosion.
 t - a +2 large shield of reflection (worn)
   (You took it off a vault sentinel on level 5 of the Vaults)
 y - a +6 gold dragon armour {rC+, rF+, rPois}
   (You found it on level 8 of a ziggurat)
 C - a +1 pair of gloves (worn)
   (You found it on level 4 of the Lair of Beasts)
 E - a +0 cloak of magic resistance (worn)
   (Okawaru gifted it to you on level 14 of the Dungeon)
 H - the +13 crystal plate armour "Fyow" (worn) {rElec Regen+}
   (Okawaru gifted it to you on level 5 of the Depths)

   It insulates you from electricity.
   It increases your rate of regeneration.
 P - the +2 pair of boots "Duecaah" (worn) {rCorr}
   (Okawaru gifted it to you on level 4 of the Vaults)

   It protects you from acid and corrosion.
Jewellery
 a - an amulet of resist mutation (around neck) {rMut, !d}
   (You bought it in a shop on level 5 of the Vaults)
 b - an uncursed amulet of resist corrosion {rCorr, !d}
   (You found it on level 4 of the Realm of Zot)
 m - an uncursed amulet of stasis {Stasis, !d}
   (You found it on level 2 of the Dungeon)
 n - the ring of Departure (right hand) {MP+9 Str+7 Slay+2 Stlth+}
   (You bought it in a shop on level 4 of the Orcish Mines)

   [ring of magical power]

   It affects your strength (+7).
   It affects your accuracy and damage with ranged weapons and melee attacks
   (+2).
   It affects your magic capacity (+9).
   It makes you more stealthy.
 v - a ring of the Octopus King (left hand) {rN+ AC+1 EV+1 Str+1 Int+1 Dex+1}
   (You found it on level 2 of the Crypt)

   [ring of positive energy]

   It affects your AC (+1).
   It affects your evasion (+1).
   It affects your strength (+1).
   It affects your intelligence (+1).
   It affects your dexterity (+1).
   It protects you from negative energy.
 z - the ring of Mebyivio {+cTele rPois Dex+6 Stlth+}
   (You found it on level 6 of a ziggurat)

   [ring of teleport control]

   It can be evoked for teleport control.
   It affects your dexterity (+6).
   It protects you from poison.
   It makes you more stealthy.
 L - an uncursed amulet of clarity {Clar, !d}
   (You found it on level 11 of the Dungeon)
Magical devices
 c - a wand of hasting (9)
   (You took it off a centaur warrior on level 14 of the Dungeon)
 i - a wand of teleportation (8)
   (You found it on level 9 of the Dungeon)
 B - a wand of heal wounds (4)
   (You took it off a tengu reaver on level 5 of the Vaults)
 T - a wand of digging (22)
   (You found it on level 3 of the Snake Pit)
 V - a wand of heal wounds (9)
   (You took it off Jorgrun on level 2 of the Snake Pit)
Scrolls
 f - 4 scrolls of fear
 h - 6 scrolls of fog
 q - a scroll of enchant armour
 r - 10 scrolls of enchant weapon
 w - 22 scrolls of teleportation
 x - 39 scrolls of identify
 J - 39 scrolls of remove curse
 K - 11 scrolls of magic mapping {!r}
 M - 2 scrolls of acquirement
 N - 5 scrolls of holy word {!r}
 Q - a scroll of blinking {!r}
 R - 11 scrolls of recharging
 W - 2 scrolls of summoning
 Z - 6 scrolls of silence
Potions
 d - 5 potions of heal wounds
 l - 8 potions of might
 o - a potion of resistance
 p - 3 potions of magic
 s - 2 potions of beneficial mutation
 u - 5 potions of cancellation
 D - a potion of cure mutation {!q}
 F - 8 potions of haste
 I - 3 potions of berserk rage {!q}
 S - 3 potions of brilliance
 U - 8 potions of curing
 X - 8 potions of agility
Comestibles
 e - 7 bread rations {@e1}
 g - 5 meat rations {@e2}
 j - 8 beef jerkies
 A - 14 fruits


   Skills:
 O Level 27 Fighting
 + Level 22.5 Maces & Flails
 + Level 25.0 Armour
 + Level 19.7 Dodging
 + Level 24.5 Shields
 * Level 24.6 Invocations


You had 26 spell levels left.
You didn't know any spells.

Dungeon Overview and Level Annotations

Branches:
Dungeon (15/15)            Temple (1/1) D:7            Lair (8/8) D:8
 Shoals (4/4) Lair:3        Snake (4/4) Lair:5        Slime (6/6) Lair:8
    Orc (4/4) D:12            Elf (3/3) Orc:3        Vaults (5/5) D:13
  Crypt (3/3) Vaults:3       Tomb (0/3) Crypt:3      Depths (5/5) D:15
    Zot (4/5) Depths:5

Altars:
Ashenzari
Cheibriados
Dithmenos
Elyvilon
Fedhas
Gozag
Kikubaaqudgha
Makhleb
Nemelex Xobeh
Okawaru
Qazlal
Ru
Sif Muna
Trog
Vehumet
Xom
Yredelemnul
Zin
The Shining One
Beogh

Shops:
D:5 %(   D:9 *   Orc:4 =(:(   Shoals:1 (   Snake:2 }   Vaults:5 ==

Portals:
Hell: Depths:1 Depths:2 Depths:3 Depths:4 Depths:5
Abyss: Depths:2 Depths:4 Depths:5
Pandemonium: Depths:2 Depths:3 Depths:4
Ziggurat: Depths:5
Trove: Depths:5 (give 2 scrolls of acquirement)

Annotations:
Lair:3 exclusion: 2 oklob plants
Zot:2 exclusions: 3 draconian callers, 3 draconian scorchers, draconian zealot and 2 more exclusions


Innate Abilities, Weirdness & Mutations

You are resistant to torment.
Your stone body is resilient (AC +20).
You are immune to poison.
Your large and strong wings let you fly indefinitely.
You resist negative energy.
You are resistant to electric shocks.
You can survive without breathing.
You are immune to petrification.
You are immune to rotting.
You are surrounded by a mild repulsion field (EV +2).
You are dopey. (Int -2)


Message History

The burst of hellfire engulfs the hellion.
The hellion completely resists.
The burst of hellfire engulfs the hellion.
The hellion completely resists.
The burst of hellfire engulfs the hellion.
The hellion completely resists.
The burst of hellfire engulfs the hellion.
The hellion completely resists.
The burst of hellfire engulfs the hellion.
The hellion completely resists.
The burst of hellfire engulfs the hellion.
The hellion completely resists.
Sieloruimn sneers, "Crawl home, thou venomed fool-headed bum-bailey!"
The hellion completely misses you. The hellion gestures at you.
The hellfire explodes!
The burst of hellfire engulfs you!
The burst of hellfire engulfs the hellion.
The hellion completely resists.
The burst of hellfire engulfs the hellion.
The hellion completely resists.
The burst of hellfire engulfs the hellion.
The hellion completely resists.
The burst of hellfire engulfs the hellion.
The hellion completely resists.
The burst of hellfire engulfs the hellion.
The hellion completely resists.
The burst of hellfire engulfs the hellion.
The hellion completely resists.
The burst of hellfire engulfs the hellion.
The hellion completely resists.
The hellion gestures at you.
The hellfire explodes!
The burst of hellfire engulfs you!
The burst of hellfire engulfs the hellion.
The hellion completely resists.
The burst of hellfire engulfs the hellion.
The hellion completely resists.
The burst of hellfire engulfs the hellion.
The hellion completely resists.
The burst of hellfire engulfs the hellion.
The hellion completely resists.
The burst of hellfire engulfs the hellion.
The hellion completely resists.
The burst of hellfire engulfs the hellion.
The hellion completely resists.
The burst of hellfire engulfs the hellion.
The hellion completely resists.
The hellion gestures at you.
The hellfire explodes!
The burst of hellfire engulfs you!
The burst of hellfire engulfs the hellion.
The hellion completely resists.
The burst of hellfire engulfs the hellion.
The hellion completely resists.
The burst of hellfire engulfs the hellion.
The hellion completely resists.
The burst of hellfire engulfs the hellion.
The hellion completely resists.
The burst of hellfire engulfs the hellion.
The hellion completely resists.
The burst of hellfire engulfs the hellion.
The hellion completely resists.
The burst of hellfire engulfs the hellion.
The hellion completely resists.
You block the hellion's attack. The hellion completely misses you.
The hellion gestures at you.
The hellfire explodes!
The burst of hellfire engulfs you!
* * * LOW HITPOINT WARNING * * *
The burst of hellfire engulfs the hellion.
The hellion completely resists.
The burst of hellfire engulfs the hellion.
The hellion completely resists.
The burst of hellfire engulfs the hellion.
The hellion completely resists.
The burst of hellfire engulfs the hellion.
The hellion completely resists.
The burst of hellfire engulfs the hellion.
The hellion completely resists.
The burst of hellfire engulfs the hellion.
The hellion completely resists.
The burst of hellfire engulfs the hellion.
The hellion completely resists.
The hellion gestures at you.
The hellfire explodes!
The burst of hellfire engulfs you!
* * * LOW HITPOINT WARNING * * *
The burst of hellfire engulfs the hellion.
The hellion completely resists.
The burst of hellfire engulfs the hellion.
The hellion completely resists.
The burst of hellfire engulfs the hellion.
The hellion completely resists.
The burst of hellfire engulfs the hellion.
The hellion completely resists.
The burst of hellfire engulfs the hellion.
The hellion completely resists.
The burst of hellfire engulfs the hellion.
The hellion completely resists.
The burst of hellfire engulfs the hellion.
The hellion completely resists.
The hellion gestures at you.
The hellfire explodes!
The burst of hellfire engulfs you!
You die...

≈≈§§§≈≈≈≈≈.. .
§≈...≈≈§§§X.
.≈§§§..12.≈§§§.
≈§≈§§∩2=..≈≈§≈.
≈≈≈..2..2..≈§≈.
≈§≈≈.2222.≈≈≈§.
.≈§≈.&222.§≈≈≈.#
.≈≈≈≈22@2≈≈§≈..#
..§≈≈≈22≈≈≈≈...#
..≈≈≈≈≈≈§≈≈§...+
...≈≈§≈≈≈≈≈≈...#
.....≈≈≈≈§§....#
......≈≈.......#
...........§...+
.......#...$...#
#+###+###


You could see Sieloruimn, a Shadow Fiend, a large abomination and 16 hellions.

Vanquished Creatures
  Cerebov (Pan)
  the royal jelly (Slime:6)
  13 pandemonium lords (Pan)
  An orb of fire (Zot:3)
  3 ancient liches
  Mara (Shoals:4)
  Mennas (Vaults:5)
  Sojobo (Vaults:5)
  Boris (Crypt:3)
  Frederick (Depths:5)
  Margery (Vaults:3)
  Saint Roka (Crypt:3)
  A caustic shrike (Depths:4)
  3 curse toes
  The ghost of Ngotmuk the Severer, a mighty DDFi of Ru (Vaults:5)
  5 golden dragons
  6 bone dragons
  9 Brimstone Fiends (Pan)
  Jorgrun (Snake:2)
  Rupert (Lair:5)
  9 tentacled monstrosities
  11 Ice Fiends (Pan)
  10 Hell Sentinels (Pan)
  13 liches
  20 titans
  6 deep elf blademasters
  2 deep elf master archers
  2 quicksilver dragons
  26 acid blobs
  16 Executioners
  Polyphemus (Shoals:4)
  9 Shadow Fiends (Pan)
  8 tentacled starspawn
  9 sphinxes
  Frances (D:13)
  5 storm dragons
  10 greater nagas
  4 draconian monks
  4 ancient champions
  13 shadow dragons
  5 tengu reavers
  Roxanne (Elf:3)
  A thorn hunter (Zig:8)
  A fire giant (shapeshifter) (Vaults:5)
  9 corrupters (Pan)
  19 fire giants
  Ilsuiw (Shoals:3)
  4 revenants
  Donald (Crypt:1)
  16 azure jellies
  10 deep elf sorcerers
  23 frost giants
  2 draconian knights
  18 cacodemons (Pan)
  An iron dragon (Vaults:5)
  13 vault wardens
  6 draconian zealots
  2 curse skulls
  4 draconian shifters
  6 ghouls
  2 draconian scorchers (Zot:1)
  9 ironheart preservers
  25 balrugs
  12 warmongers (Pan)
  A spriggan defender (Depths:4)
  A ghost moth (Pan)
  A caustic shrike skeleton (Depths:2)
  23 very ugly things
  2 angels (Pan)
  5 war gargoyles
  7 reapers (Pan)
  9 blood saints (Pan)
  38 stone giants
  8 chaos champions (Pan)
  4 vampire knights
  15 lorocyprocas
  2 green draconians
  6 deep elf annihilators (Elf:3)
  8 red draconians
  2 yellow draconians
  8 white draconians
  3 black draconians
  3 deep elf demonologists
  3 mottled draconians
  12 purple draconians
  17 black suns (Pan)
  3 eidola
  9 ettins
  Snorg (Orc:1)
  32 blizzard demons
  11 great orbs of eyes
  9 deep elf death magi
  11 merfolk javelineers
  7 jiangshi
  12 merfolk impalers
  A quicksilver dragon zombie (Abyss:2)
  30 vault guards
  5 death cobs (Zot:2)
  21 yaktaur captains
  8 deep elf high priests
  5 green deaths
  9 death oozes
  21 fire dragons
  14 entropy weavers
  18 naga warriors
  Harold (Orc:1)
  A quicksilver dragon skeleton (Depths:3)
  16 hydras
  14 ice dragons
  3 spriggan air magi
  4 rakshasas
  5 hell beasts (Pan)
  21 monstrous demonspawn (Pan)
  3 merfolk avatars (Shoals:4)
  3 death knights
  Erica (Lair:1)
  The ghost of WhatIsLove the Grappler, an experienced TrFi of Trog (D:10)
  An alligator snapping turtle (Shoals:4)
  Erolcha (D:13)
  7 vampire magi
  13 anacondas
  2 catoblepae
  11 centaur warriors
  14 dancing weapons
  5 salamander stormcallers
  An alligator (Zig:8)
  19 death yaks
  12 merfolk aquamancers
  A satyr (Shoals:4)
  6 tengu warriors
  4 orc high priests
  17 thrashing horrors
  12 ogre magi
  12 shock serpents
  5 deep troll earth magi
  10 deep troll shamans
  6 hell hogs
  A spectral storm dragon (Crypt:1)
  Urug (Orc:1)
  7 naga sharpshooters
  The ghost of Bubblegod the Grappler, an experienced TrMo of Ru (D:8)
  46 sun demons
  4 titan skeletons
  15 soul eaters
  9 wretched stars
  6 shadow wraiths
  3 fire crabs
  2 salamander mystics (Snake:4)
  18 skeletal warriors
  9 hell knights
  2 iron trolls
  A fire crab (shapeshifter) (Elf:2)
  7 giant orange brains
  4 death drakes (Zot:2)
  32 small abominations
  A storm dragon skeleton (Crypt:3)
  20 torturous demonspawn (Pan)
  A cherub (Pan)
  19 sea snakes
  19 deep elf summoners
  22 ice devils
  34 deep elf knights
  9 naga ritualists
  36 deep trolls
  A spriggan druid (Zig:8)
  65 large abominations
  3 swamp dragons
  18 gelid demonspawn (Pan)
  23 infernal demonspawn (Pan)
  A lindwurm (Lair:8)
  7 wizards
  16 shadow demons (Pan)
  4 wolf spiders
  4 hill giants
  6 ice statues
  10 flayed ghosts
  2 sphinx zombies
  26 putrid demonspawn (Pan)
  Pikel (D:8)
  An unseen horror (D:14)
  An orb spider (Abyss:2)
  A wolf spider zombie (Crypt:2)
  An anubis guard (Zig:2)
  A golden dragon skeleton (Depths:2)
  16 ironbrand convokers
  An anubis guard (shapeshifter) (Depths:5)
  26 harpies
  12 necromancers
  A deathcap (Zot:2)
  47 ugly things
  14 orc knights
  A harpy (shapeshifter) (Elf:3)
  11 deep elf conjurers
  11 phantasmal warriors
  8 orc sorcerers
  6 oklob plants
  15 mana vipers
  A water nymph (shapeshifter) (Abyss:2)
  5 hornets
  An octopode (shapeshifter) (Zig:6)
  11 salamanders
  A tengu skeleton (Depths:2)
  6 shining eyes
  4 fauns
  2 hornets (shapeshifter)
  45 black mambas
  20 griffons
  A guardian serpent (shapeshifter) (Vaults:4)
  2 apocalypse crabs
  6 water nymphs
  A black mamba (shapeshifter) (Vaults:5)
  10 rust devils (Pan)
  A moth of wrath (shapeshifter) (Vaults:5)
  8 sirens
  20 manticores
  A faun (shapeshifter) (Elf:2)
  6 guardian serpents
  67 smoke demons
  7 cyclopes
  15 vault sentinels
  An elephant (shapeshifter) (D:15)
  4 moths of wrath
  4 worldbinders
  43 sixfirhies
  A drowned soul (Shoals:4)
  Joseph (D:8)
  A frost giant skeleton (Crypt:3)
  11 fire giant skeletons
  6 gargoyles
  2 human skeletons
  19 elephants
  3 eyes of devastation
  14 spiny frogs
  16 naga magi
  A stone giant skeleton (Crypt:1)
  A torpor snail (Lair:8)
  A shock serpent skeleton (Crypt:3)
  10 fire drakes
  61 orange demons
  A spiny frog (shapeshifter) (Vaults:5)
  A dire elephant skeleton (Crypt:2)
  A komodo dragon (shapeshifter) (Vaults:2)
  An alligator snapping turtle skeleton (Crypt:1)
  6 kobold demonologists
  A black draconian zombie (Crypt:1)
  A red draconian zombie (Zot:3)
  2 pale draconian zombies (Crypt:1)
  55 hellwings
  9 efreet
  5 tormentors (Pan)
  16 demonic crawlers
  8 hellions
  43 red devils
  14 komodo dragons
  15 deep elf priests
  A queen bee (D:14)
  2 wandering mushrooms (D:8)
  A tengu conjurer (Depths:3)
  52 yaktaurs
  11 ancient zymes
  4 guardian mummies (Crypt:3)
  21 blue devils
  A grey draconian skeleton (Crypt:1)
  11 freezing wraiths
  31 merfolk
  A moth of wrath zombie (Zot:3)
  21 two-headed ogres
  2 polar bears (Lair:6)
  4 trolls
  A jumping spider (shapeshifter) (Vaults:4)
  2 fire vortices (Vaults:2)
  3 giant leeches
  18 blink frogs
  12 jumping spiders
  2 bog bodies (Crypt:2)
  5 wind drakes
  A hornet zombie (D:14)
  6 boulder beetles
  A raven (shapeshifter) (D:14)
  A trapdoor spider zombie (D:14)
  15 ravens
  2 ettin zombies
  6 snapping turtles
  20 water elementals
  128 slime creatures
  A tarantella (shapeshifter) (Vaults:4)
  7 tarantellas
  9 flying skulls
  4 vampires
  43 ynoxinuls
  3 trapdoor spiders
  45 yaks
  46 redbacks
  An ettin skeleton (Crypt:3)
  A spriggan (D:9)
  8 air elementals
  26 raiju
  2 redbacks (shapeshifter)
  A spriggan (shapeshifter) (Elf:3)
  10 shadows
  A wyvern (shapeshifter) (Depths:1)
  9 wraiths
  9 chaos spawn
  A fire bat (Volcano)
  8 fire dragon skeletons
  12 golden eyes
  A hog (Volcano)
  19 humans (D:13)
  6 wyverns
  2 fire bats (shapeshifter)
  2 fire elementals (Depths:3)
  22 deep elf magi
  A hippogriff (shapeshifter) (Depths:4)
  A hog (shapeshifter) (Abyss:3)
  7 wolves
  13 vampire mosquitoes
  A steam dragon (Lair:7)
  4 hungry ghosts
  35 neqoxecs
  A faun zombie (Crypt:2)
  17 hippogriffs
  A spatial vortex (Abyss:2)
  6 basilisks
  An elf skeleton (Depths:3)
  Menkaure (D:7)
  24 deep elf fighters
  An insubstantial wisp (Abyss:2)
  5 mottled dragons
  11 hell hounds
  2 soldier ants
  57 nagas
  11 porcupines
  A spectral raiju (Crypt:1)
  22 water moccasins
  An ice beast (shapeshifter) (Vaults:5)
  2 wargs
  42 orc warriors
  3 swamp drakes
  An eye of draining (shapeshifter) (Elf:2)
  34 ice beasts
  3 phantoms
  A wasp (shapeshifter) (Elf:2)
  3 sky beasts
  A spiny frog skeleton (Abyss:1)
  An ice dragon simulacrum (Abyss:1)
  A black bear (D:8)
  A ghost crab zombie (Crypt:1)
  18 eyes of draining
  21 centaurs
  3 necrophages
  A wasp (D:8)
  A centaur (shapeshifter) (Vaults:5)
  8 boggarts
  40 ogres
  A snapping turtle skeleton (Crypt:3)
  19 crocodiles
  2 brain worms
  Blork the orc (Orc:4)
  10 big kobolds
  3 human zombies
  24 giant frogs
  A wyvern zombie (D:7)
  A wyvern skeleton (D:12)
  A salamander skeleton (Crypt:1)
  4 scorpions
  A queen bee zombie (Crypt:2)
  54 killer bees
  9 wights
  A raiju zombie (Crypt:2)
  2 human simulacra
  11 quasits
  10 crimson imps
  12 electric eels
  A giant frog zombie (D:6)
  5 hounds
  84 starcursed masses
  A black bear zombie (Crypt:2)
  2 giant frog skeletons
  82 jellies
  9 centaur zombies
  4 iron imps
  Ijyb (D:2)
  43 orc wizards
  Jessica (D:3)
  4 centaur skeletons
  22 hell rats
  31 orc priests
  Terence (D:3)
  11 iguanas
  10 worker ants
  25 sheep
  A boulder beetle simulacrum (Vaults:3)
  A killer bee zombie (D:5)
  A mottled dragon zombie (Crypt:1)
  A sheep (shapeshifter) (Vaults:5)
  8 mummies
  A worker ant zombie (D:6)
  8 gnolls
  81 river rats
  11 adders
  5 shadow imps
  9 white imps
  92 ufetubi
  4 oozes
  2 adder skeletons
  3 worms (D:2)
  6 giant geckos
  201 orcs
  3 ball pythons
  3 bat zombies (D:5)
  4 giant cockroaches
  24 hobgoblins
  9 jackals
  32 kobolds
  24 bats
  A giant gecko skeleton (D:8)
  8 giant newts
  A giant newt skeleton (Crypt:2)
  16 goblins
  A kobold skeleton (Crypt:2)
  2 lurking horrors
  8 quokkas
  11 rats
  2 rat zombies (D:5)
  13 butterflies (Pan)
  3 crawling corpses
  4 fungi
  6 grand avatars (Pan)
  12 plants
  4 starspawn tentacles (Abyss:3)
4594 creatures vanquished.

Vanquished Creatures (collateral kills)
  A hydra (Lair:8)
  A torpor snail (Lair:8)
  A komodo dragon (Lair:8)
3 creatures vanquished.

Vanquished Creatures (others)
  A lich (Crypt:2)
  9 deep elf master archers
  A draconian zealot (Zot:3)
  A warmonger (Pan)
  A vampire knight (Depths:4)
  A merfolk aquamancer (Shoals:1)
  An infernal demonspawn (Pan)
  A torturous demonspawn (Pan)
  A mana viper (Snake:2)
  2 ironbrand convokers (Vaults:2)
  A wizard (Depths:4)
  A cyclops (Vaults:2)
  6 drowned souls (Shoals:4)
  A smoke demon (Elf:3)
  A spiny frog (Lair:8)
  An orange demon (Pan)
  A yaktaur (Vaults:5)
  A fire drake (Zot:2)
  A hellwing (Pan)
  3 two-headed ogres (Volcano)
  A stone giant simulacrum (Vaults:2)
  3 small abominations
  2 yaks (Lair:8)
  A deep elf fighter (Crypt:3)
  A hippogriff (Lair:8)
  A neqoxec (Pan)
  2 orc warriors (Vaults:5)
  2 slaves (D:8)
  2 swamp drakes (Zot:2)
  2 necrophages
  A centaur (Vaults:4)
  A giant frog (D:8)
  10 lost souls
  A killer bee (D:14)
  5 ufetubi
  An orc (Vaults:2)
  3 kobolds (Vaults:2)
  4 lurking horrors
  2 crawling corpses
  5 fungi
  10 plants
  14 starspawn tentacles
  110 starspawn tentacle segments
220 creatures vanquished.

Grand Total: 4817 creatures vanquished

Notes
Turn   | Place    | Note
--------------------------------------------------------------
     0 | D:1      | MonkeyBuisness the Gargoyle Fighter began the quest for the Orb.
     0 | D:1      | Reached XP level 1. HP: 14/14 MP: 1/1
   201 | D:1      | Reached XP level 2. HP: 19/19 MP: 2/2
   952 | D:2      | Found a deep blue altar of Sif Muna.
  1040 | D:2      | Noticed Ijyb
  1064 | D:2      | Killed Ijyb
  1064 | D:2      | Reached skill level 1 in Dodging
  1064 | D:2      | Reached XP level 3. HP: 20/24 MP: 3/3
  1099 | D:2      | Reached XP level 4. HP: 26/29 MP: 4/4
  1165 | D:2      | Found a radiant altar of Vehumet.
  1487 | D:2      | Found an iron altar of Okawaru.
  2144 | D:3      | Reached skill level 4 in Fighting
  2312 | D:3      | Reached skill level 4 in Shields
  2489 | D:3      | Reached XP level 5. HP: 33/33 MP: 5/5
  2524 | D:3      | Noticed Terence
  2551 | D:3      | Killed Terence
  2551 | D:3      | Reached skill level 4 in Armour
  2689 | D:3      | Noticed Jessica
  2701 | D:3      | Killed Jessica
  3188 | D:2      | Became a worshipper of Warmaster Okawaru
  3432 | D:4      | Reached skill level 3 in Maces & Flails
  3486 | D:4      | Reached XP level 6. HP: 21/39 MP: 6/6
  3666 | D:4      | Noticed a troll
  3682 | D:3      | Noticed a centaur
  3686 | D:3      | Killed a centaur
  3686 | D:3      | Reached skill level 2 in Dodging
  4114 | D:4      | Noticed an ogre
  4142 | D:4      | Acquired Okawaru's first power
  4149 | D:4      | Killed an ogre
  4149 | D:4      | Reached XP level 7. HP: 24/44 MP: 4/7
  5001 | D:5      | Entered Level 5 of the Dungeon
  5034 | D:5      | Reached skill level 5 in Fighting
  5034 | D:5      | Reached skill level 5 in Armour
  5192 | D:5      | Reached skill level 1 in Invocations
  5257 | D:5      | Found Gadoasa's Weapon Boutique.
  5337 | D:5      | Reached skill level 4 in Maces & Flails
  5442 | D:5      | Reached skill level 5 in Shields
  5493 | D:5      | Found Quddymagg's Food Emporium.
  5525 | D:5      | Found a basalt altar of Yredelemnul.
  5668 | D:5      | Found an ancient bone altar of Kikubaaqudgha.
  5756 | D:6      | Found Lemyxeed's Book Shop.
  5804 | D:6      | Reached skill level 2 in Invocations
  5804 | D:6      | Reached XP level 8. HP: 49/49 MP: 9/9
  5840 | D:6      | Reached skill level 3 in Dodging
  6456 | D:7      | Reached skill level 3 in Invocations
  6729 | D:7      | Found a staircase to the Ecumenical Temple.
  6768 | D:7      | Reached skill level 6 in Armour
  6787 | D:7      | Noticed Menkaure
  6790 | D:7      | Killed Menkaure
  7265 | D:7      | Reached skill level 6 in Fighting
  7265 | D:7      | Reached XP level 9. HP: 32/55 MP: 11/11
  7269 | D:7      | Reached skill level 5 in Maces & Flails
  7269 | D:7      | Reached skill level 6 in Shields
  7584 | D:8      | Reached skill level 4 in Invocations
  7800 | D:8      | Noticed a wandering mushroom
  7802 | D:8      | Noticed a wandering mushroom
  7816 | D:8      | Found a staircase to the Lair.
  7827 | D:8      | Killed a wandering mushroom
  7827 | D:8      | Reached skill level 4 in Dodging
  7837 | D:8      | Killed a wandering mushroom
  7844 | D:8      | Found a sparkling altar of Nemelex Xobeh.
  8140 | D:8      | Gained mutation: You are resistant to hostile enchantments. [potion of mutation]
  8140 | D:8      | Gained mutation: Your large and strong wings let you fly indefinitely. [potion of mutation]
  8140 | D:8      | Gained mutation: Your spells are a little easier to cast, but a little less powerful. [potion of mutation]
  8151 | D:8      | Reached skill level 7 in Armour
  8292 | D:8      | Noticed Joseph
  8319 | D:8      | Killed Joseph
  8382 | D:8      | Found a glowing silver altar of Zin.
  8382 | D:8      | Noticed Pikel
  8397 | D:8      | Noticed Bubblegod's ghost (experienced TrMo)
  8465 | Lair:1   | Entered Level 1 of the Lair of Beasts
  8465 | Lair:1   | Noticed an elephant
  8465 | Lair:1   | Noticed an elephant
  8465 | Lair:1   | Noticed an elephant
  8560 | D:8      | Reached skill level 7 in Shields
  8560 | D:8      | Reached skill level 5 in Invocations
  8579 | D:8      | Killed Pikel
  8579 | D:8      | Reached skill level 7 in Fighting
  8579 | D:8      | Reached skill level 6 in Maces & Flails
  8579 | D:8      | Reached XP level 10. HP: 38/63 MP: 12/14
  9343 | D:8      | HP: 11/63 [Bubblegod's ghost (19)]
 10766 | D:9      | Reached skill level 5 in Dodging
 11247 | D:9      | Reached skill level 6 in Invocations
 11248 | D:9      | Found Dettaado's General Store.
 11286 | D:9      | Bought a potion of heal wounds for 70 gold pieces
 11373 | D:9      | Reached skill level 8 in Armour
 11654 | D:10     | Entered Level 10 of the Dungeon
 11731 | D:10     | Noticed WhatIsLove's ghost (experienced TrFi)
 11762 | D:10     | Killed WhatIsLove's ghost
 11825 | D:10     | Reached skill level 8 in Shields
 12060 | D:10     | Reached skill level 8 in Fighting
 12060 | D:10     | Reached skill level 7 in Maces & Flails
 12170 | D:10     | Noticed a hill giant
 12183 | D:10     | Killed a hill giant
 12183 | D:10     | Reached XP level 11. HP: 66/68 MP: 15/15
 12904 | D:8      | Received a gift from Okawaru
 12951 | D:8      | Killed Bubblegod's ghost
 12951 | D:8      | Reached skill level 6 in Dodging
 13096 | Lair:1   | Noticed an elephant
 13113 | Lair:1   | Killed an elephant
 13113 | Lair:1   | Reached skill level 9 in Armour
 13128 | Lair:1   | Killed an elephant
 13128 | Lair:1   | Reached skill level 9 in Shields
 13143 | Lair:1   | Killed an elephant
 13161 | Lair:1   | Killed an elephant
 13309 | Lair:1   | Noticed an eight-headed hydra
 13659 | Lair:1   | Killed an eight-headed hydra
 13659 | Lair:1   | Reached skill level 8 in Maces & Flails
 13812 | Lair:1   | Reached skill level 9 in Fighting
 13943 | Lair:1   | Noticed an eight-headed hydra
 13961 | Lair:1   | Killed an eight-headed hydra
 13997 | Lair:1   | Found a sparkling altar of Nemelex Xobeh.
 13997 | Lair:1   | Noticed Erica
 14000 | Lair:1   | Noticed a black mamba
 14015 | Lair:1   | Killed a black mamba
 14024 | Lair:1   | Killed Erica
 14024 | Lair:1   | Acquired Okawaru's second power
 14024 | Lair:1   | Reached XP level 12. HP: 52/76 MP: 13/16
 14289 | Lair:1   | Reached skill level 7 in Invocations
 14933 | Lair:2   | Reached skill level 8 in Invocations
 15409 | Lair:2   | Reached skill level 9 in Invocations
 15929 | Lair:3   | Received a gift from Okawaru
 15959 | Lair:3   | Reached skill level 10 in Invocations
 16137 | Lair:3   | Got a faintly glowing longbow {god gift}
 16144 | Lair:3   | Found a staircase to the Shoals.
 16763 | Lair:3   | Reached skill level 11 in Invocations
 17858 | Lair:4   | Reached skill level 10 in Armour
 17874 | Lair:4   | Reached skill level 10 in Shields
 17894 | Lair:4   | Reached skill level 7 in Dodging
 18032 | Lair:4   | Noticed an eight-headed hydra
 18041 | Lair:4   | Killed an eight-headed hydra
 18041 | Lair:4   | Received a gift from Okawaru
 18041 | Lair:4   | Reached XP level 13. HP: 68/82 MP: 18/21
 18272 | Lair:4   | Reached skill level 10 in Fighting
 19543 | Lair:5   | You fall through a shaft!
 19618 | Lair:6   | Reached skill level 9 in Maces & Flails
 19722 | Lair:6   | Found a frozen archway.
 19804 | Lair:6   | Received a gift from Okawaru
 19948 | IceCv    | Entered an ice cave
 20014 | IceCv    | Reached skill level 11 in Shields
 20461 | Lair:6   | Received a gift from Okawaru
 20664 | Lair:6   | Reached skill level 11 in Fighting
 21147 | Lair:6   | Reached skill level 11 in Armour
 21157 | Lair:6   | Mutation became permanent: Your large and strong wings let you fly indefinitely. [Gargoyle growth]
 21157 | Lair:6   | Reached XP level 14. HP: 80/90 MP: 22/22
 21513 | Lair:7   | Received a gift from Okawaru
 21571 | Lair:7   | Found a dark tunnel.
 21589 | Volcano  | Entered a volcano
 22041 | Lair:7   | Reached skill level 8 in Dodging
 22405 | Lair:7   | Reached skill level 12 in Fighting
 22418 | Lair:7   | Received a gift from Okawaru
 22425 | Lair:7   | Got a twisted chain mail {god gift}
 22542 | Lair:7   | Identified the +5 chain mail of Intercession {*Confuse rF+ Dex+5 Slay-3} (Okawaru gifted it to you on level 7 of the Lair of Beasts)
 23497 | Lair:8   | Entered Level 8 of the Lair of Beasts
 23528 | Lair:8   | Reached skill level 10 in Maces & Flails
 23960 | Lair:8   | Reached skill level 12 in Armour
 24510 | Lair:8   | Reached skill level 13 in Fighting
 24762 | Lair:8   | Received a gift from Okawaru
 24849 | Lair:8   | HP: 14/94 [five-headed hydra (10)]
 24853 | Lair:8   | HP: 6/94 [five-headed hydra (8)]
 25039 | Lair:8   | Reached XP level 15. HP: 80/99 MP: 23/23
 25431 | Lair:8   | Found a staircase to the Slime Pits.
 25689 | Lair:5   | Noticed Rupert
 26063 | D:5      | Bought a bread ration for 50 gold pieces
 26063 | D:5      | Bought a bread ration for 50 gold pieces
 26339 | D:11     | Found a shadowy altar of Dithmenos.
 26408 | D:11     | Received a gift from Okawaru
 26698 | D:11     | Reached skill level 13 in Armour
 27848 | D:12     | Found a staircase to the Orcish Mines.
 28621 | Orc:1    | Entered Level 1 of the Orcish Mines
 28651 | Orc:1    | Noticed Urug
 28660 | Orc:1    | Killed Urug
 28757 | Orc:1    | Noticed Snorg
 28775 | Orc:1    | Killed Snorg
 29088 | Orc:1    | Noticed Harold
 29121 | Orc:1    | Killed Harold
 29121 | Orc:1    | Reached skill level 9 in Dodging
 29320 | Orc:1    | Found a bloodstained altar of Trog.
 29747 | Orc:3    | Found a staircase to the Elven Halls.
 29935 | Orc:3    | Found a roughly hewn altar of Beogh.
 30188 | Orc:4    | Entered Level 4 of the Orcish Mines
 30481 | Orc:4    | Noticed Blork the orc
 30487 | Orc:4    | Killed Blork the orc
 30558 | Orc:4    | Lost mutation: Your spells are a little easier to cast, but a little less powerful. [potion of mutation]
 30558 | Orc:4    | Gained mutation: Your mind is acute. (Int +2) [potion of mutation]
 30558 | Orc:4    | Gained mutation: You expend magic power (3 MP) to strengthen your wands. [potion of mutation]
 30687 | Orc:4    | Reached skill level 14 in Fighting
 30795 | Orc:4    | HP: 16/100 [orc high priest/divine providence (13)]
 30805 | Orc:4    | HP: 12/100 [orc sorcerer/bolt of fire (15)]
 30839 | Orc:3    | HP: 1/100 [orc knight/battleaxe (19)]
 31324 | Orc:4    | Reached skill level 11 in Maces & Flails
 31477 | Orc:4    | Found Loituh Dyqof's Weapon Shop.
 31498 | Orc:4    | Found Russig Juem's Weapon Shoppe.
 31637 | Orc:4    | HP: 17/100 [orc sorcerer/bolt of fire (23)]
 32020 | Orc:4    | Found Balick's Jewellery Shoppe.
 32023 | Orc:4    | Found Susoiroy's Book Shop.
 32090 | Orc:4    | Bought the ring of Departure {MP+9 Str+7 Slay+2 Stlth+} for 793 gold pieces
 32264 | D:13     | Noticed Erolcha
 32273 | D:13     | Killed Erolcha
 32273 | D:13     | Received a gift from Okawaru
 32462 | D:13     | Reached skill level 14 in Armour
 32560 | D:13     | Found a stormy altar of Qazlal.
 33195 | D:13     | Noticed Frances
 33205 | D:13     | Gained mutation: You are highly resistant to hostile enchantments. [a neqoxec]
 33643 | D:13     | Identified a scroll of acquirement
 33700 | D:13     | Gained mutation: You are extremely resistant to the effects of hostile enchantments. [potion of beneficial mutation]
 33740 | D:13     | Found a gate to the Vaults.
 33773 | D:13     | Reached XP level 16. HP: 100/107 MP: 24/24
 34051 | D:13     | Killed Frances
 34684 | D:14     | HP: 25/107 [something (6)]
 34986 | D:14     | Received a gift from Okawaru
 35004 | D:14     | Reached skill level 15 in Fighting
 35108 | D:14     | HP: 24/108 [salamander stormcaller] (15)]
 35131 | D:14     | HP: 25/108 [burnt (5)]
 35137 | D:14     | HP: 3/108 [orc priest/divine providence (14)]
 35144 | D:14     | HP: 24/108 [something/magic dart (8)]
 35483 | D:14     | Reached skill level 12 in Shields
 35698 | D:14     | Upgraded the game from 0.17-a0-1020-ge683cc4 to 0.17-a0-1092-gc664a5b
 35976 | D:14     | Got an uncursed smoking quarterstaff
 35987 | D:14     | Found a snail-covered altar of Cheibriados.
 36635 | D:15     | Entered Level 15 of the Dungeon
 36635 | D:15     | Found a basalt altar of Yredelemnul.
 36652 | D:15     | Found a runed door.
 36865 | D:15     | Reached skill level 10 in Dodging
 36913 | D:15     | Got an ebony arbalest
 36915 | D:15     | Got a bone spear
 36918 | D:15     | Got a brightly glowing blowgun
 36929 | D:15     | Identified the +7 blowgun "Dyatikk" {speed, -Tele rN+ MR+++} (You found it on level 15 of the Dungeon)
 36983 | D:15     | Identified the +9 spear of Inflation {pierce, Int+5} (You found it on level 15 of the Dungeon)
 37068 | D:15     | Received a gift from Okawaru
 37071 | D:15     | Got a bone morningstar {god gift}
 37073 | D:15     | Identified the +1 morningstar "Hellblazer" {crush, Dex+4} (Okawaru gifted it to you on level 15 of the Dungeon)
 37590 | D:15     | Received a gift from Okawaru
 37594 | D:15     | Got a slimy eveningstar {god gift}
 37802 | D:15     | Identified the +1 eveningstar of Exquisite Death {speed, rPois Str+3} (Okawaru gifted it to you on level 15 of the Dungeon)
 37996 | D:15     | Reached skill level 12 in Maces & Flails
 38206 | D:15     | HP: 2/110 [fire dragon/blast of flame (29)]
 38521 | D:15     | Reached skill level 16 in Fighting
 38689 | D:15     | Found a staircase to the Depths.
 39200 | D:15     | Reached XP level 17. HP: 111/115 MP: 25/25
 39785 | Lair:5   | Killed Rupert
 39785 | Lair:5   | Received a gift from Okawaru
 39978 | Lair:5   | Found a staircase to the Snake Pit.
 40157 | Lair:5   | Reached skill level 15 in Armour
 40555 | Snake:1  | Entered Level 1 of the Snake Pit
 41058 | Snake:1  | Reached skill level 13 in Shields
 41075 | Snake:1  | Got a steaming rapier
 41077 | Snake:1  | Identified the +7 rapier of Arbitration {pierce, *Drain rF+ Str+3} (You found it on level 1 of the Snake Pit)
 41590 | Snake:2  | Received a gift from Okawaru
 41623 | Snake:2  | Noticed Jorgrun
 41639 | Snake:2  | Killed Jorgrun
 41921 | Snake:2  | Found Inice's Gadget Shoppe.
 42669 | Snake:2  | Reached skill level 17 in Fighting
 43027 | Snake:3  | Reached skill level 11 in Dodging
 43245 | Snake:3  | Received a gift from Okawaru
 43260 | Snake:3  | Reached XP level 18. HP: 121/124 MP: 26/26
 43268 | Snake:3  | Got a faintly humming plate armour {god gift}
 43279 | Snake:3  | Identified the +2 plate armour of Rationality {rF- rCorr Stlth+} (Okawaru gifted it to you on level 3 of the Snake Pit)
 43572 | Snake:3  | Reached skill level 13 in Maces & Flails
 43585 | Snake:3  | Found a bloodstained altar of Trog.
 43877 | Snake:3  | Got a brightly glowing dagger
 44215 | Snake:4  | Entered Level 4 of the Snake Pit
 44718 | Snake:4  | Received a gift from Okawaru
 44932 | Snake:4  | Got a polished crystal plate armour {god gift}
 44940 | Snake:4  | Identified the +0 crystal plate armour of Greater Demons {Str+2 Dex+4} (Okawaru gifted it to you on level 4 of the Snake Pit)
 45177 | Snake:4  | Reached skill level 18 in Fighting
 45517 | Snake:4  | Reached skill level 14 in Shields
 46140 | Snake:4  | Received a gift from Okawaru
 46160 | Snake:4  | Reached skill level 16 in Armour
 46537 | Snake:4  | Reached XP level 19. HP: 126/131 MP: 27/27
 46583 | Snake:4  | Got a serpentine rune of Zot
 46955 | Shoals:1 | Entered Level 1 of the Shoals
 46958 | Shoals:1 | Found Gouf's Antique Weapon Emporium.
 47000 | Shoals:1 | HP: 28/131 [merfolk aquamancer/great wave of water (7)]
 47011 | Shoals:1 | HP: 23/131 [merfolk aquamancer/shard of ice (44)]
 48691 | Shoals:2 | Got a wavering turquoise ring
 48697 | Shoals:2 | Identified the ring of Zarphuby {+/*Tele Str+7} (You found it on level 2 of the Shoals)
 49514 | Shoals:3 | Received a gift from Okawaru
 49712 | Shoals:3 | Reached skill level 19 in Fighting
 49727 | Shoals:3 | Reached skill level 14 in Maces & Flails
 49761 | Shoals:3 | Got a twisted long sword
 49803 | Shoals:4 | Entered Level 4 of the Shoals
 49803 | Shoals:4 | Noticed Ilsuiw
 50044 | Shoals:3 | Killed Ilsuiw
 50374 | Shoals:4 | Reached skill level 12 in Dodging
 50412 | Shoals:4 | Got a serpentine copper ring
 50475 | Shoals:4 | Noticed Mara
 50525 | Shoals:4 | HP: 32/133 [Mara (illusionary)/bolt of fire (59)]
 50869 | Shoals:4 | Noticed MonkeyBuisness's illusion
 50893 | Shoals:4 | Killed Mara
 50912 | Shoals:4 | Reached skill level 15 in Shields
 50933 | Shoals:4 | Identified the ring of Jyocser {-Tele rPois rC++ MP+9 Stlth-} (You found it on level 4 of the Shoals)
 51251 | Shoals:4 | Noticed Polyphemus
 51290 | Shoals:4 | Reached XP level 20. HP: 128/139 MP: 28/28
 51342 | Shoals:4 | Killed Polyphemus
 51821 | Shoals:4 | Received a gift from Okawaru
 51850 | Shoals:4 | Reached skill level 17 in Armour
 51853 | Shoals:4 | Got a barnacled rune of Zot
 53009 | Vaults:1 | Entered Level 1 of the Vaults
 54202 | Vaults:2 | Reached skill level 20 in Fighting
 54581 | Vaults:2 | Received a gift from Okawaru
 54605 | Vaults:2 | Got a crystal demon whip {god gift}
 54607 | Vaults:2 | Identified the +4 demon whip "Unosos" {elec, *Confuse Int+4 Dex+2} (Okawaru gifted it to you on level 2 of the Vaults)
 55326 | Vaults:2 | Received a gift from Okawaru
 55334 | Vaults:2 | Got a pitted morningstar {god gift}
 55336 | Vaults:2 | Identified the +1 morningstar "Okireiv" {crush, Dex+6} (Okawaru gifted it to you on level 2 of the Vaults)
 56316 | Vaults:2 | Received a gift from Okawaru
 56316 | Vaults:2 | Reached XP level 21. HP: 145/147 MP: 29/29
 56622 | Vaults:3 | Found a staircase to the Crypt.
 56882 | Vaults:3 | Received a gift from Okawaru
 56885 | Vaults:3 | Got a fine mace {god gift}
 56886 | Vaults:3 | Identified the +4 mace "Xeuraggi" {crush, rC+ rN+} (Okawaru gifted it to you on level 3 of the Vaults)
 56927 | Vaults:3 | Reached skill level 16 in Shields
 57172 | Vaults:3 | Reached skill level 15 in Maces & Flails
 57196 | Vaults:3 | Noticed Margery
 57218 | Vaults:3 | Killed Margery
 57267 | Vaults:3 | Received a gift from Okawaru
 57944 | Vaults:3 | Reached skill level 13 in Dodging
 57974 | Vaults:3 | Received a gift from Okawaru
 57992 | Vaults:3 | Reached skill level 21 in Fighting
 58220 | Vaults:3 | Found a gateway to a bazaar.
 58239 | Bazaar   | Entered a bazaar
 58239 | Bazaar   | Found Booti's Armour Shoppe.
 58247 | Bazaar   | Found Wakual's Gadget Shoppe.
 58273 | Bazaar   | Found Toper's Antique Armour Emporium.
 58282 | Bazaar   | Found Urph's General Store.
 58288 | Bazaar   | Found Aluy's Magic Scroll Boutique.
 58290 | Bazaar   | Bought a scroll of brand weapon for 120 gold pieces
 58330 | Bazaar   | Bought the +2 hat of Crawling {rCorr Str+2 Int+2} for 280 gold pieces
 58835 | Depths:1 | Entered Level 1 of the Depths
 58886 | Depths:1 | Reached skill level 18 in Armour
 59058 | Depths:1 | Found a gateway to Hell.
 60368 | Depths:1 | Reached XP level 22. HP: 126/155 MP: 30/30
 60456 | Depths:2 | Found a one-way gate leading to the halls of Pandemonium.
 60817 | Depths:2 | Received a gift from Okawaru
 61494 | Depths:2 | Found a one-way gate to the infinite horrors of the Abyss.
 61574 | Depths:2 | HP: 14/155 [ice dragon/blast of cold (39)]
 62674 | Pan      | Entered Pandemonium
 62902 | Pan      | Found an exit through the horrors of the Abyss.
 62914 | Pan      | Took an exit into the Abyss.
 62914 | Abyss:1  | Escaped into the Abyss
 63012 | Abyss:1  | Gained mutation: Your body sometimes deteriorates upon taking damage. [a neqoxec]
 63014 | Abyss:1  | Reached skill level 17 in Shields
 63024 | Abyss:1  | Paralysed by accursed screaming for 2 turns
 63028 | Abyss:1  | Paralysed by accursed screaming for 2 turns
 63031 | Abyss:1  | Paralysed by accursed screaming for 2 turns
 63299 | Abyss:1  | Received a gift from Okawaru
 63393 | Abyss:1  | Got a translucent quarterstaff {god gift}
 63525 | Abyss:1  | Paralysed by accursed screaming for 2 turns
 63537 | Abyss:1  | HP: 38/156 [starcursed mass/accursed screaming (15)]
 63545 | Abyss:1  | HP: 32/156 [starcursed mass/accursed screaming (7)]
 63545 | Abyss:1  | Paralysed by accursed screaming for 2 turns
 63548 | Abyss:1  | HP: 9/156 [starcursed mass/accursed screaming (10)]
 63553 | Abyss:1  | HP: 31/156 [starcursed mass/accursed screaming (17)]
 63697 | Depths:3 | Escaped the Abyss
 64084 | Depths:3 | Reached skill level 22 in Fighting
 64388 | Depths:3 | Reached skill level 16 in Maces & Flails
 64498 | Depths:3 | Received a gift from Okawaru
 64772 | Depths:4 | Received a gift from Okawaru
 65073 | Depths:4 | Reached XP level 23. HP: 103/162 MP: 31/31
 65245 | Depths:4 | Noticed an ancient lich
 65273 | Depths:4 | Killed an ancient lich
 65719 | Depths:4 | Noticed a caustic shrike
 65734 | Depths:4 | Killed a caustic shrike
 65849 | Depths:4 | Reached skill level 14 in Dodging
 65869 | Depths:4 | Received a gift from Okawaru
 66432 | Depths:5 | Entered Level 5 of the Depths
 66455 | Depths:5 | Found a gateway to a ziggurat.
 66481 | Depths:5 | Received a gift from Okawaru
 66484 | Depths:5 | Got a faintly glowing crystal plate armour {god gift}
 66517 | Depths:5 | Identified the +13 crystal plate armour "Fyow" {rElec Regen+} (Okawaru gifted it to you on level 5 of the Depths)
 66554 | Depths:5 | Noticed Frederick
 66568 | Depths:5 | Killed Frederick
 66745 | Depths:5 | Reached skill level 19 in Armour
 66991 | Depths:5 | Found a gate to the Realm of Zot.
 67119 | Depths:5 | Reached skill level 23 in Fighting
 67150 | Depths:5 | Reached skill level 18 in Shields
 67240 | Depths:5 | HP: 36/164 [burnt (7)]
 67759 | Depths:5 | Received a gift from Okawaru
 67769 | Depths:5 | Reached XP level 24. HP: 171/171 MP: 31/31
 68005 | Depths:5 | Found a portal to a secret trove of treasure.
 70452 | Orc:4    | Bought the ring "Soddee Siti" {Wiz rC+} for 660 gold pieces
 71397 | Vaults:4 | Received a gift from Okawaru
 71743 | Vaults:4 | Reached skill level 17 in Maces & Flails
 72355 | Vaults:5 | Entered Level 5 of the Vaults
 72363 | Vaults:5 | Received a gift from Okawaru
 72374 | Vaults:5 | Noticed Ngotmuk's ghost (mighty DDFi)
 72375 | Vaults:5 | Noticed Sojobo
 72377 | Vaults:5 | Noticed Mennas
 72400 | Vaults:4 | Received a gift from Okawaru
 72403 | Vaults:4 | Got a pair of shimmering boots {god gift}
 72416 | Vaults:4 | Identified the +2 pair of boots "Duecaah" {rCorr} (Okawaru gifted it to you on level 4 of the Vaults)
 72732 | Vaults:5 | Killed Sojobo
 72751 | Vaults:5 | Reached skill level 24 in Fighting
 72761 | Vaults:5 | Reached XP level 25. HP: 128/178 MP: 31/31
 72806 | Vaults:5 | Killed Ngotmuk's ghost
 73190 | Vaults:5 | Killed Mennas
 73190 | Vaults:5 | Reached skill level 20 in Armour
 73190 | Vaults:5 | Reached skill level 15 in Dodging
 73190 | Vaults:5 | Reached skill level 19 in Shields
 73380 | Vaults:5 | Received a gift from Okawaru
 73766 | Vaults:5 | Found Rostrimn's Jewellery Boutique.
 73771 | Vaults:5 | Bought the ring of the Manifold Demons {+Inv rF+ MR+ Slay+3} for 586 gold pieces
 73776 | Vaults:5 | Found Riofaore's Jewellery Shoppe.
 74119 | Vaults:5 | Received a gift from Okawaru
 74710 | Vaults:5 | Got an iridescent mace {god gift}
 74733 | Vaults:5 | Got a shimmering steel ring
 74954 | Vaults:5 | Got a silver rune of Zot
 75021 | Vaults:5 | Received a gift from Okawaru
 75031 | Vaults:5 | Got a polished flail {god gift}
 75039 | Vaults:5 | Got a twisted robe
 75793 | Temple   | Entered the Ecumenical Temple
 75878 | Temple   | Fell from the grace of Okawaru
 75880 | Temple   | Became a worshipper of the Shining One
 76321 | Crypt:1  | Entered Level 1 of the Crypt
 76385 | Crypt:1  | Reached skill level 25 in Fighting
 76385 | Crypt:1  | Reached XP level 26. HP: 185/188 MP: 31/31
 76420 | Crypt:1  | Acquired the Shining One's first power
 76556 | Crypt:1  | Acquired the Shining One's second power
 76586 | Crypt:1  | Noticed Donald
 76605 | Crypt:1  | Killed Donald
 76879 | Crypt:1  | Acquired the Shining One's third power
 77439 | Crypt:2  | Acquired the Shining One's fourth power
 77466 | Crypt:2  | Reached skill level 18 in Maces & Flails
 77554 | Crypt:2  | Got a ring of the Octopus King
 77556 | Crypt:2  | Identified a ring of the Octopus King {rN+ AC+1 EV+1 Str+1 Int+1 Dex+1} (You found it on level 2 of the Crypt)
 78211 | Crypt:3  | Entered Level 3 of the Crypt
 78214 | Crypt:3  | Reached skill level 12 in Invocations
 78370 | Crypt:1  | You fall through a shaft!
 78878 | Temple   | Identified a +9 sacred scourge of holy wrath (a +9 demon whip of freezing blessed by the Shining One)
 79485 | Crypt:3  | Noticed Saint Roka
 79527 | Crypt:3  | Killed Saint Roka
 79789 | Crypt:3  | HP: 36/188 [frost giant/bolt of cold[the fury of Okawaru] (29)]
 79797 | Crypt:3  | HP: 17/188 [frost giant/bolt of cold[the fury of Okawaru] (26)]
 79805 | Crypt:3  | HP: 5/188 [frost giant/bolt of cold[the fury of Okawaru] (33)]
 80119 | Crypt:3  | Got a pair of heavily runed gloves
 80130 | Crypt:3  | Identified the +2 pair of gloves of Xom's Regard {rElec rPois rC- Stlth+} (You found it on level 3 of the Crypt)
 80440 | Crypt:3  | Found a staircase to the Tomb.
 80741 | Crypt:3  | Noticed Boris
 80750 | Crypt:3  | Killed Boris
 80932 | Crypt:3  | Found an ancient bone altar of Kikubaaqudgha.
 80934 | Crypt:3  | Noticed an ancient lich
 80943 | Crypt:3  | Killed an ancient lich
 80982 | Crypt:3  | Got a dazzling rapier
 80990 | Crypt:3  | Noticed an ancient lich
 80998 | Crypt:3  | Killed an ancient lich
 80998 | Crypt:3  | Reached skill level 21 in Armour
 81787 | Zot:1    | Entered Level 1 of the Realm of Zot
 81927 | Zot:1    | Reached skill level 13 in Invocations
 82083 | Zot:1    | HP: 40/189 [red draconian/searing blast (27)]
 82099 | Zot:1    | Reached skill level 20 in Shields
 82099 | Zot:1    | Reached XP level 27. HP: 99/195 MP: 32/32
 82879 | Zot:2    | HP: 26/195 [red draconian/searing blast (39)]
 82970 | Zot:2    | HP: 34/195 [titan/the air[the fury of Okawaru] (53)]
 83871 | Zot:3    | Reached skill level 16 in Dodging
 84291 | Zot:3    | Reached skill level 26 in Fighting
 84530 | Zot:3    | Noticed an orb of fire
 84530 | Zot:3    | Gained mutation: Your body often deteriorates upon taking damage. [an orb of fire]
 84530 | Zot:3    | Lost mutation: Your mind is acute. (Int +2) [an orb of fire]
 84561 | Zot:3    | Gained mutation: Your spells are a little easier to cast, but a little less powerful. [an orb of fire]
 84563 | Zot:3    | Killed an orb of fire
 85097 | Zot:2    | Reached skill level 14 in Invocations
 85566 | Zot:3    | Was forgiven by Okawaru
 85650 | Zot:4    | Got a faintly humming ring mail
 85860 | Zot:4    | Lost mutation: You expend magic power (3 MP) to strengthen your wands. [potion of cure mutation]
 85860 | Zot:4    | Lost mutation: Your body often deteriorates upon taking damage. [potion of cure mutation]
 85860 | Zot:4    | Lost mutation: Your body sometimes deteriorates upon taking damage. [potion of cure mutation]
 85860 | Zot:4    | Lost mutation: You are extremely resistant to the effects of hostile enchantments. [potion of cure mutation]
 85860 | Zot:4    | Lost mutation: You are highly resistant to hostile enchantments. [potion of cure mutation]
 85947 | Zot:2    | Gained mutation: Armour fits poorly on your strangely shaped body. [a neqoxec]
 86613 | Vaults:5 | Bought an uncursed amulet of resist mutation for 560 gold pieces
 87374 | Slime:1  | Entered Level 1 of the Pits of Slime
 87579 | Slime:1  | Upgraded the game from 0.17-a0-1092-gc664a5b to 0.17-a0-1103-ga40c899
 89948 | Slime:5  | Reached skill level 15 in Invocations
 90193 | Slime:5  | Gained mutation: You are clumsy. (Dex -2) [a shining eye]
 90492 | Slime:6  | Entered Level 6 of the Pits of Slime
 90681 | Slime:6  | Noticed the royal jelly
 90730 | Slime:5  | Lost mutation: You are clumsy. (Dex -2) [potion of cure mutation]
 90730 | Slime:5  | Lost mutation: Armour fits poorly on your strangely shaped body. [potion of cure mutation]
 90730 | Slime:5  | Lost mutation: Your spells are a little easier to cast, but a little less powerful. [potion of cure mutation]
 90754 | Slime:6  | Killed the royal jelly
 90812 | Slime:5  | HP: 47/197 [azure jelly[the royal jelly] (4)]
 90815 | Slime:5  | Reached skill level 19 in Maces & Flails
 90818 | Slime:5  | HP: 36/197 [azure jelly[the royal jelly] (1)]
 90824 | Slime:5  | HP: 35/197 [azure jelly[the royal jelly] (4)]
 90824 | Slime:5  | HP: 13/197 [azure jelly[the royal jelly] (22)]
 90863 | Slime:5  | HP: 48/197 [azure jelly[the royal jelly] (5)]
 90863 | Slime:5  | HP: 22/197 [azure jelly[the royal jelly] (26)]
 91651 | Slime:6  | dookiecze: Slime Pits are easier than Elf?
 91651 | Slime:6  | MonkeyBuisness: i don`t know mate
 91651 | Slime:6  | dookiecze: I don't know why, but I always die in Slime Pits :D
 91651 | Slime:6  | MonkeyBuisness: donno about Elfs anything
 91651 | Slime:6  | dookiecze: Can't deal with the royal jelly :D
 91651 | Slime:6  | MonkeyBuisness: im playing my 1st time
 91651 | Slime:6  | MonkeyBuisness: never been in elves ever
 91651 | Slime:6  | dookiecze: 1st time ever?
 91651 | Slime:6  | MonkeyBuisness: yes
 91651 | Slime:6  | MonkeyBuisness: GrFi too easy
 91651 | Slime:6  | dookiecze: whaaaat
 91651 | Slime:6  | MonkeyBuisness: my friend is guiding me tyhough :D
 91651 | Slime:6  | MonkeyBuisness: though*
 91651 | Slime:6  | dookiecze: oh :D now it makes sense :D
 91651 | Slime:6  | MonkeyBuisness: pick GrFi its really just Tab - o - tab - o - tab et cetera
 91658 | Slime:6  | dookiecze: if you would get that far for first time by yourself you would have to be like supertalented xD
 91661 | Slime:6  | Got a smoking mace
 91680 | Slime:6  | dookiecze: and yeah, I know Gr is pretty easy :D
 91680 | Slime:6  | dookiecze: lot of AC and resistances etc.. :D
 91680 | Slime:6  | MonkeyBuisness: just Gargoyle warrior too easy to play and too hard to die
 91680 | Slime:6  | MonkeyBuisness: yy
 91688 | Slime:6  | dookiecze: but you still need to know how to play a bit xD
 91696 | Slime:6  | Got a dazzling great sword
 91697 | Slime:6  | dookiecze: you cant just run anywhere you want and spam tab :D
 91698 | Slime:6  | Got a slimy rune of Zot
 91704 | Slime:6  | dookiecze: Im gonna start a game :D
 91705 | Slime:6  | dookiecze: good luck mate
 91705 | Slime:6  | MonkeyBuisness: ty
 91705 | Slime:6  | MonkeyBuisness: u2
 91705 | Slime:6  | dookiecze: :P
 91705 | Slime:6  | MonkeyBuisness: gl
 91705 | Slime:6  | dookiecze: bye
 92503 | Elf:1    | Entered Level 1 of the Elven Halls
 93576 | Elf:2    | Found a radiant altar of Vehumet.
 93949 | Elf:2    | Found a runed gate.
 93949 | Elf:2    | Found a runed gate.
 93959 | Elf:2    | Found a runed gate.
 94448 | Elf:2    | Reached skill level 16 in Invocations
 94647 | Elf:3    | Entered Level 3 of the Elven Halls
 95029 | Elf:3    | Reached skill level 27 in Fighting
 95184 | Elf:3    | Reached skill level 21 in Shields
 95208 | Elf:3    | Got a shimmering scimitar
 95312 | Elf:3    | Reached skill level 22 in Armour
 95414 | Elf:3    | Noticed Roxanne
 95491 | Elf:3    | Got a fine plate armour
 95502 | Elf:3    | Identified the +10 plate armour "Johol" {rF+ Int-4 Stlth+} (You found it on level 3 of the Elven Halls)
 96039 | Elf:3    | Killed Roxanne
 96612 | Depths:2 | Voluntarily entered the Abyss.
 96973 | Abyss:1  | Paralysed by accursed screaming for 1 turns
 96979 | Abyss:1  | Paralysed by accursed screaming for 1 turns
 96996 | Abyss:1  | Paralysed by accursed screaming for 2 turns
 97002 | Abyss:1  | HP: 45/199 [starcursed mass/accursed screaming (9)]
 97009 | Abyss:1  | HP: 44/199 [starcursed mass/accursed screaming (10)]
 97443 | Abyss:2  | Paralysed by accursed screaming for 1 turns
 97450 | Abyss:2  | Reached skill level 17 in Invocations
 97583 | Abyss:2  | Found a corrupted altar of Lugonu.
 97686 | Abyss:2  | Paralysed by accursed screaming for 1 turns
 97689 | Abyss:2  | Paralysed by accursed screaming for 1 turns
 97800 | Abyss:2  | Found a corrupted altar of Lugonu.
 98256 | Abyss:2  | Reached skill level 17 in Dodging
 98850 | Abyss:3  | Found a corrupted altar of Lugonu.
 99092 | Abyss:3  | Found a corrupted altar of Lugonu.
 99095 | Abyss:3  | Paralysed by accursed screaming for 1 turns
 99120 | Abyss:3  | Paralysed by accursed screaming for 2 turns
 99123 | Abyss:3  | Paralysed by accursed screaming for 2 turns
 99146 | Abyss:3  | Reached skill level 18 in Invocations
 99335 | Abyss:3  | Got an abyssal rune of Zot
 99655 | Abyss:3  | Paralysed by accursed screaming for 1 turns
 99665 | Depths:2 | Escaped the Abyss
 99727 | Pan      | Entered Pandemonium
 99727 | Pan      | Found an exit through the horrors of the Abyss.
 99828 | Pan      | Reached skill level 20 in Maces & Flails
 99853 | Pan      | Noticed Yjeoxur the pandemonium lord
 99884 | Pan      | Killed Yjeoxur the pandemonium lord
100009 | Pan      | Got a wavering pewter ring
100011 | Pan      | Identified the ring "Aliomel" {rF+ Dex+3} (You found it in Pandemonium)
100487 | Pan      | Reached skill level 19 in Invocations
100543 | Pan      | Noticed Feqevao the pandemonium lord
100558 | Pan      | Killed Feqevao the pandemonium lord
100677 | Pan      | Found an exit through the horrors of the Abyss.
100977 | Pan      | Reached skill level 22 in Shields
101122 | Pan      | Found a gateway to a ziggurat.
101130 | Zig:1    | Entered Level 1 of a ziggurat
101162 | Zig:2    | Entered Level 2 of a ziggurat
101194 | Zig:3    | Entered Level 3 of a ziggurat
101234 | Zig:4    | Entered Level 4 of a ziggurat
101317 | Zig:4    | Got a crude plate armour
101321 | Zig:5    | Entered Level 5 of a ziggurat
101406 | Zig:6    | Entered Level 6 of a ziggurat
101461 | Zig:6    | Got a brightly glowing scale mail
101474 | Zig:6    | Identified the cursed +0 plate armour of Anarchy {MR++ Int+2} (You found it on level 4 of a ziggurat)
101481 | Zig:6    | Got a crude glass ring
101483 | Zig:6    | Identified the ring of Mebyivio {+cTele rPois Dex+6 Stlth+} (You found it on level 6 of a ziggurat)
101568 | Zig:7    | Entered Level 7 of a ziggurat
101647 | Zig:7    | Got a steaming quarterstaff
101789 | Zig:8    | Entered Level 8 of a ziggurat
101812 | Zig:8    | Reached skill level 23 in Armour
101882 | Zig:8    | Got a pitted lajatang
102007 | Pan      | Noticed Geyrou the pandemonium lord
102023 | Pan      | Killed Geyrou the pandemonium lord
102023 | Pan      | Reached skill level 20 in Invocations
102211 | Pan      | Reached skill level 18 in Dodging
102266 | Pan      | Found an exit through the horrors of the Abyss.
102840 | Pan      | Found an exit through the horrors of the Abyss.
102894 | Pan      | Noticed Hereazud the pandemonium lord
102906 | Pan      | Killed Hereazud the pandemonium lord
103839 | Pan      | Reached skill level 21 in Invocations
103906 | Pan      | Found an exit through the horrors of the Abyss.
103921 | Pan      | Noticed Dyviq the pandemonium lord
103946 | Pan      | Killed Dyviq the pandemonium lord
104204 | Pan      | Reached skill level 21 in Maces & Flails
104944 | Pan      | Found an exit through the horrors of the Abyss.
105344 | Pan      | Reached skill level 23 in Shields
105428 | Pan      | Noticed Hyothaax the pandemonium lord
105444 | Pan      | Killed Hyothaax the pandemonium lord
105732 | Pan      | Got a demonic rune of Zot
105794 | Pan      | Found an exit through the horrors of the Abyss.
106006 | Pan      | Noticed Bixax the pandemonium lord
106010 | Pan      | Killed Bixax the pandemonium lord
106101 | Pan      | Reached skill level 22 in Invocations
106448 | Pan      | Noticed Seofebaq the pandemonium lord
106465 | Pan      | Killed Seofebaq the pandemonium lord
106636 | Pan      | Gained mutation: You are frail (-10% HP). [a neqoxec]
106641 | Pan      | Gained mutation: Your magical capacity is low (-10% MP). [a neqoxec]
106642 | Pan      | Gained mutation: Armour fits poorly on your strangely shaped body. [a neqoxec]
106788 | Pan      | Found an exit through the horrors of the Abyss.
107380 | Pan      | Found an exit through the horrors of the Abyss.
107396 | Pan      | Reached skill level 24 in Armour
107425 | Pan      | Gained mutation: Your magical capacity is very low (-20% MP). [a neqoxec]
107430 | Pan      | Gained mutation: You expend magic power (3 MP) to strengthen your wands. [a neqoxec]
107431 | Pan      | Noticed Jicoofeyra the pandemonium lord
107438 | Pan      | Gained mutation: You are clumsy. (Dex -2) [a neqoxec]
107453 | Pan      | Gained mutation: You are occasionally teleported to nearby monsters. [a cacodemon]
107457 | Pan      | Killed Jicoofeyra the pandemonium lord
107623 | Pan      | Gained mutation: You are surrounded by a mild repulsion field (EV +2). [a neqoxec]
108149 | Pan      | Got a steaming war axe
108214 | Pan      | Found an exit through the horrors of the Abyss.
108412 | Pan      | Lost mutation: You are frail (-10% HP). [potion of cure mutation]
108412 | Pan      | Lost mutation: Armour fits poorly on your strangely shaped body. [potion of cure mutation]
108412 | Pan      | Lost mutation: Your magical capacity is very low (-20% MP). [potion of cure mutation]
108412 | Pan      | Lost mutation: You expend magic power (3 MP) to strengthen your wands. [potion of cure mutation]
108412 | Pan      | Lost mutation: You are occasionally teleported to nearby monsters. [potion of cure mutation]
108413 | Pan      | Lost mutation: Your magical capacity is low (-10% MP). [potion of cure mutation]
108413 | Pan      | Lost mutation: You are resistant to hostile enchantments. [potion of cure mutation]
108413 | Pan      | Lost mutation: You are clumsy. (Dex -2) [potion of cure mutation]
108497 | Pan      | Got a pitted bronze ring
108498 | Pan      | Identified the ring of Xuriakk {+Fly MP-9 AC+1 Str+4} (You found it in Pandemonium)
108532 | Pan      | Reached skill level 19 in Dodging
108573 | Pan      | Noticed Yreisi the pandemonium lord
108581 | Pan      | Killed Yreisi the pandemonium lord
108690 | Pan      | Reached skill level 23 in Invocations
108756 | Pan      | Got a steaming tin amulet
108757 | Pan      | Identified the amulet of Koomucuam {Stasis rElec} (You found it in Pandemonium)
108913 | Pan      | Noticed Zavuam the pandemonium lord
108928 | Pan      | Killed Zavuam the pandemonium lord
109159 | Pan      | Got a twisted hand crossbow
109226 | Pan      | Found an exit through the horrors of the Abyss.
109428 | Pan      | Noticed Guosog the pandemonium lord
109450 | Pan      | Killed Guosog the pandemonium lord
109615 | Pan      | Reached skill level 22 in Maces & Flails
109631 | Pan      | Got an ichor-stained war axe
109719 | Pan      | Found an exit through the horrors of the Abyss.
109974 | Pan      | Reached skill level 24 in Shields
110098 | Pan      | Gained mutation: You are dopey. (Int -2) [a neqoxec]
110143 | Pan      | Entered the realm of Cerebov.
110547 | Pan      | Found an exit through the horrors of the Abyss.
110634 | Pan      | Got a jewelled quarterstaff
110944 | Pan      | Noticed Cerebov
111038 | Pan      | Got a clouded sapphire amulet
111039 | Pan      | Identified the amulet "Fawkonatext" {Inacc Int+3 Dex+6} (You found it in Pandemonium)
111089 | Pan      | Reached skill level 24 in Invocations
111272 | Pan      | wingboner: Прожми #, пожалуйста.
111272 | Pan      | wingboner: На основном экране.
111311 | Pan      | Killed Cerebov
111326 | Pan      | Got a fiery rune of Zot
111334 | Pan      | MonkeyBuisness: :^)
111334 | Pan      | wingboner: Лолблеать.
111334 | Pan      | wingboner: Скажи кому — не поверят.
111334 | Pan      | wingboner: Без резиста убил Церебова.
111334 | Pan      | MonkeyBuisness: угу
111334 | Pan      | MonkeyBuisness: повезло в мили не кастил
111334 | Pan      | MonkeyBuisness: хаха
111336 | Pan      | wingboner: Это вообще довольно фиговая идея ходить без резиста. У тебя же есть армор нормальный.
111336 | Pan      | MonkeyBuisness: армор сила
111336 | Pan      | wingboner: Я про шкурку золотого дракона.
111336 | Pan      | MonkeyBuisness: зачарю покруче да надену
111336 | Pan      | MonkeyBuisness: щас без надобности
111336 | Pan      | wingboner: Ну, как хочешь.
111336 | Pan      | wingboner: Отморозят же жопу.
111336 | Pan      | MonkeyBuisness: ну дык это
111336 | Pan      | MonkeyBuisness: как пойду в холодные места надену валенки
111515 | Pan      | Found an exit through the horrors of the Abyss.
111977 | Pan      | Noticed Othruun the pandemonium lord
111988 | Pan      | Killed Othruun the pandemonium lord
112434 | Pan      | Reached skill level 25 in Armour
112572 | Pan      | Found an exit through the horrors of the Abyss.
112790 | Pan      | Noticed Sieloruimn the pandemonium lord
112790 | Pan      | HP: 27/199 [hellion/burst of hellfire (28)]
112790 | Pan      | Killed from afar by a hellion

Vault maps used:
D:1:      nicolae_arrival_washed_ashore
D:2:      lemuel_doored_altar, overflow_temple_1_default, fiery_altar_vehumet,
          minmay_quantized, uniq_iyjb
D:3:      hangedman_decor_slide_cut, uniq_terence, uniq_jessica
D:4:      first_bread
D:5:      yredelemnul_altar_generic, lemuel_zombie_altar_kikubaaqudgha,
          serial_shops, kennysheep_little_box, nicolae_shop_waterfront
D:6:      serial_shops, shop
D:7:      minmay_temple_entry_large_hall, uniq_menkaure
D:8:      nemelex_deck, lemuel_round_altar, dpeg_oklobed_lair,
          hangedman_decor_peaks_small, uniq_pikel, uniq_joseph
D:9:      serial_shops, shop, the_bakery
D:11:     nicolae_dithmenos_shadow_blocks
D:12:     david_orc_4, serial_bayou, serial_bayou_pond_a, serial_bayou_pond_a,
          serial_bayou_shore_b, serial_bayou_lagoon_a, serial_bayou_pond_d,
          serial_bayou_pond_e
D:13:     grunt_vaults_entry_tiered, lemuel_oklob_altar, uniq_erolcha,
          uniq_frances
D:14:     special_room, cheibriados_altar_1, minmay_hollow_rounded_squares
D:15:     grunt_enter_depths_hoard, basic_altar, minmay_st_funbox
Temple:   circular_temple_12
Lair:1:   basic_altar, eino_small_chamber_without_monster, uniq_erica
Lair:2:   grunt_megastairs_3, infiniplex_staircase_pool
Lair:3:   minmay_lair_oklob_chamber, elwin_shoals_entry_stream,
          serial_bayou_lagoon_b
Lair:4:   beast_lair_carwin_5, bh_autumn_forest_stairs, lemuel_fruit_fields
Lair:5:   guppyfry_snake_entry_garden, bobbens_dragon_lair_wall,
          grunt_megastairs_5, uniq_rupert
Lair:6:   portal_ice_cave_entry_animals_and_master
Lair:7:   nicolae_volcano_entry_hallway, lab_entry_generic, roderic_ravens_nest,
          disabler_island, lemuel_fruit_fields
Lair:8:   hangedman_lair_in_review, minmay_slime_entry_jelly_boxes,
          lemuel_fruit_fields
Shoals:1: serial_shops, nicolae_shop_trees, nicolae_shoals_aquamancer_cove
Shoals:4: shoals_end_simple, shoal_ilsuiw,
          nicolae_shoals_siren_and_animal_friends, uniq_polyphemus, uniq_mara
Snake:1:  special_room
Snake:2:  serial_shops, nicolae_shop_crystal, uniq_jorgrun
Snake:3:  cheibrodos_snake_ritualist_ritual, basic_altar, serial_bayou_shore_b
Snake:4:  grunt_snake_rune_pools, nrook_loot_triangle,
          nicolae_snake_serpentine_hallways
Slime:4:  cheibrodos_slime_lost_civilization_5
Orc:1:    trog_hazing_becter, uniq_urug, uniq_harold, uniq_snorg
Orc:3:    nicolae_orc_pool_cavern, mines2_david
Orc:4:    st_orc_elflike, sword_in_stone
Elf:1:    minmay_elf_demonology
Elf:2:    basic_altar
Elf:3:    minmay_elf_hall_dome, minivault_14, uniq_roxanne
Vaults:1: ontoclasm_vaults_claustrophobia, v_misc_26, hangedman_vaults_impose,
          hangedman_vaults_impose, v_misc_17, vaults_dpeg_diagonal,
          vaults_room_grid, nicolae_vaults_statue_guard, vaults_dpeg_hooks,
          nicolae_vaults_alarming, vaults_room_grid
Vaults:2: v_misc_2, ontoclasm_vaults_loading_screen, ontoclasm_vaults_bender,
          nicolae_vaults_little_squares_6, vaults_room_hallway,
          vaults_room_door_hall, v_pattern_4, vaults_mumra_minichess,
          ontoclasm_vaults_spin, ontoclasm_vaults_loading_screen,
          nicolae_vaults_little_squares_6
Vaults:3: nicolae_vaults_mini_display_case, ontoclasm_vaults_gateway,
          grunt_vaults_bifocal, nicolae_vaults_ring_of_whatevers, v_misc_29,
          minmay_crypt_entry_nasty_monster, ontoclasm_vaults_water_temple,
          hangedman_vaults_slice, grunt_vaults_trifunnel,
          ontoclasm_vaults_shuriken, grunt_vaults_hallway_short,
          nicolae_vaults_stairing_the_circle, nicolae_vaults_little_squares_5,
          serial_shops, bzr_firewalk, uniq_margery
Vaults:4: v_misc_10, kb_rosetta, vaults_dpeg_cross, nicolae_vaults_shelves_hall,
          vaults_mumra_hex, grunt_vaults_funnel, nicolae_vaults_sealed_display,
          hangedman_vaults_corner_blocks, hangedman_vaults_locks,
          v_alt_pattern_6
Vaults:5: serial_shops, uniq_sojobo, uniq_mennas
Crypt:1:  uniq_donald
Crypt:2:  minivault_24, st_stairs_12
Crypt:3:  quadcrypt_mu, uniq_saint_roka, uniq_boris
Depths:1: hell_entry, minmay_misc_feat_encased, serial_co_window_serial,
          co_window_paths_a, co_window_paths_b, co_window_corner_a,
          co_window_of_opportunity_a, co_window_of_opportunity_a,
          co_window_cross_1, co_window_broadway_c, co_window_broadway_a,
          co_window_broadway_a, co_window_unsneaky_path_b,
          co_window_of_opportunity_b, co_window_broadway_b,
          co_window_broadway_c, co_window_paths_d, glass_columns_b,
          glass_columns_a, glass_columns_a, glass_columns_b, st_stairs_13,
          nooodl_food_tri
Depths:2: minmay_ice_pillars, abyss_entry, kennysheep_cross_bottleneck,
          grunt_hell_entry_dis_mu, rand_demon_pan_entry_3, serial_bayou_shore_b,
          serial_bayou_shore_b, infiniplex_staircase_zigzag_1
Depths:3: cheibrodos_lost_city_excavation, pan_entry, hell_entry,
          mu_enter_wizlab_5, minmay_statues_item,
          hangedman_abyss_or_decor_jellyfish_corner
Depths:4: wad_statue_garden, grunt_pan_entry_sceptre, abyss_entry,
          minmay_staircase_windowed_small, hell_entry, basic_stair_grate_trap,
          serial_bayou_shore_b
Depths:5: grunt_zot_entry_tricorne, enter_ziggurat_b, grunt_hell_horde,
          hangedman_decor_growths, nicolae_trove_entry_diagonal, special_room,
          hangedman_abyss_entry_splay, uniq_frederick
Zot:2:    lemuel_draconian_sentries
Abyss:3:  hangedman_abyss_sting
Pan:      evilmike_mini_pan_T, evilmike_mini_pan_corridor,
          nicolae_pan_sigil_itan, rand_demon_1, grunt_pan_spiral,
          enter_ziggurat_pan_b, rand_demon_3, pan_blood_fountain_small,
          nicolae_pan_gloorx_vloqian_1, reaverb_pan_figure_eight,
          evilmike_mini_pan_other_thingy, pan_blood_fountain_small,
          grunt_pan_in_and_out, pan_blood_fountain_small,
          nicolae_pan_gloorx_vloqian_4, evilmike_mini_pan_3x3,
          pan_blood_fountain_small, nicolae_pan_diamonds,
          evilmike_mini_pan_doors, nicolae_pan_mnolegish_5,
          evilmike_mini_pan_doors_b, nicolae_pan_cerebovesque_1,
          grunt_pan_frozen_over, evilmike_mini_pan_thingy,
          evilmike_cerebov_lava, grunt_pan_sceptre, pan_blood_fountain_small,
          rand_demon_5, lemuel_hellion_island, pan_blood_fountain,
          nicolae_pan_lom_lobonic_3, nicolae_pan_sigil_nadil,
          pan_captured_pigsty
Zig:5:    ziggurat_loot_2
Zig:7:    ziggurat_loot_1
Zig:8:    ziggurat_pillar_centre_oklobs
Bazaar:   bazaar_kb_twisted_cavern
IceCv:    ice_cave_statue_garden_01
Volcano:  volcano_village

Action                   |  1- 3 |  4- 6 |  7- 9 | 10-12 | 13-15 | 16-18 | 19-21 | 22-24 | 25-27 || total
-------------------------+-------+-------+-------+-------+-------+-------+-------+-------+-------++-------
Melee: Flail             |   100 |   245 |   585 |       |   510 |   471 |       |       |       ||  1911
       Falchion          |       |     1 |       |       |       |       |       |       |       ||     1
       Whip              |       |       |       |  1667 |   570 |       |       |       |       ||  2237
       Dire flail        |       |       |       |       |  1435 |       |       |       |       ||  1435
       Eveningstar       |       |       |       |       |       |  1429 |  1933 |       |   527 ||  3889
       Morningstar       |       |       |       |       |       |   111 |       |       |       ||   111
       Unarmed           |       |       |       |       |       |       |    77 |       |       ||    77
       Demon whip        |       |       |       |       |       |       |   529 |  2146 |   692 ||  3367
       Sacred scourge    |       |       |       |       |       |       |       |       |  6187 ||  6187
 Fire: Blowgun           |       |       |    12 |     9 |       |       |       |       |       ||    21
Invok: Heroism           |       |     1 |     9 |    28 |    24 |    11 |     9 |    12 |     2 ||    96
       Finesse           |       |       |       |       |     3 |     3 |     4 |    11 |     2 ||    23
       Renounce Religion |       |       |       |       |       |       |       |       |     1 ||     1
       Cleansing Flame   |       |       |       |       |       |       |       |       |   153 ||   153
       Divine Shield     |       |       |       |       |       |       |       |       |     8 ||     8
 Abil: Fly               |       |       |       |       |       |     1 |     1 |     2 |     4 ||     8
       Stop Flying       |       |       |       |       |       |     1 |     1 |     2 |     3 ||     7
       Evoke Teleport Co |       |       |       |       |       |       |       |       |     6 ||     6
Evoke: Wand              |       |       |       |       |       |       |     2 |       |     1 ||     3
  Use: Potion            |     1 |     1 |     3 |     3 |    11 |     7 |     2 |     7 |    27 ||    62
       Scroll            |       |     1 |    20 |     3 |    19 |    10 |    21 |     4 |    40 ||   118
 Stab: Invisible         |       |       |       |       |     8 |       |       |       |       ||     8
       Petrified         |       |       |       |       |       |       |     4 |       |     2 ||     6
       Petrifying        |       |       |       |       |       |       |     2 |       |       ||     2
       Confused          |       |       |       |       |       |       |       |       |     3 ||     3
       Distracted        |       |       |       |       |       |       |       |       |     1 ||     1
  Eat: Bread ration      |       |     1 |       |     3 |     5 |     5 |     4 |     4 |    12 ||    34
       Meat ration       |       |     1 |       |     1 |     2 |     3 |     4 |     4 |    14 ||    29
       Chunk             |       |     1 |    14 |    10 |    10 |     6 |     1 |     2 |     5 ||    49
       Fruit             |       |       |     1 |     4 |     6 |     3 |       |       |    29 ||    43
       Beef jerky        |       |       |     1 |     1 |     3 |       |     3 |       |       ||     8
       Royal jelly       |       |       |       |     1 |     1 |     1 |       |       |     4 ||     7
       Pizza             |       |       |       |       |     2 |     2 |       |     2 |     3 ||     9

Vault maps used:
D:1:      nicolae_arrival_washed_ashore
D:2:      lemuel_doored_altar, overflow_temple_1_default, fiery_altar_vehumet,
          minmay_quantized, uniq_iyjb
D:3:      hangedman_decor_slide_cut, uniq_terence, uniq_jessica
D:4:      first_bread
D:5:      yredelemnul_altar_generic, lemuel_zombie_altar_kikubaaqudgha,
          serial_shops, kennysheep_little_box, nicolae_shop_waterfront
D:6:      serial_shops, shop
D:7:      minmay_temple_entry_large_hall, uniq_menkaure
D:8:      nemelex_deck, lemuel_round_altar, dpeg_oklobed_lair,
          hangedman_decor_peaks_small, uniq_pikel, uniq_joseph
D:9:      serial_shops, shop, the_bakery
D:11:     nicolae_dithmenos_shadow_blocks
D:12:     david_orc_4, serial_bayou, serial_bayou_pond_a, serial_bayou_pond_a,
          serial_bayou_shore_b, serial_bayou_lagoon_a, serial_bayou_pond_d,
          serial_bayou_pond_e
D:13:     grunt_vaults_entry_tiered, lemuel_oklob_altar, uniq_erolcha,
          uniq_frances
D:14:     special_room, cheibriados_altar_1, minmay_hollow_rounded_squares
D:15:     grunt_enter_depths_hoard, basic_altar, minmay_st_funbox
Temple:   circular_temple_12
Lair:1:   basic_altar, eino_small_chamber_without_monster, uniq_erica
Lair:2:   grunt_megastairs_3, infiniplex_staircase_pool
Lair:3:   minmay_lair_oklob_chamber, elwin_shoals_entry_stream,
          serial_bayou_lagoon_b
Lair:4:   beast_lair_carwin_5, bh_autumn_forest_stairs, lemuel_fruit_fields
Lair:5:   guppyfry_snake_entry_garden, bobbens_dragon_lair_wall,
          grunt_megastairs_5, uniq_rupert
Lair:6:   portal_ice_cave_entry_animals_and_master
Lair:7:   nicolae_volcano_entry_hallway, lab_entry_generic, roderic_ravens_nest,
          disabler_island, lemuel_fruit_fields
Lair:8:   hangedman_lair_in_review, minmay_slime_entry_jelly_boxes,
          lemuel_fruit_fields
Shoals:1: serial_shops, nicolae_shop_trees, nicolae_shoals_aquamancer_cove
Shoals:4: shoals_end_simple, shoal_ilsuiw,
          nicolae_shoals_siren_and_animal_friends, uniq_polyphemus, uniq_mara
Snake:1:  special_room
Snake:2:  serial_shops, nicolae_shop_crystal, uniq_jorgrun
Snake:3:  cheibrodos_snake_ritualist_ritual, basic_altar, serial_bayou_shore_b
Snake:4:  grunt_snake_rune_pools, nrook_loot_triangle,
          nicolae_snake_serpentine_hallways
Slime:4:  cheibrodos_slime_lost_civilization_5
Orc:1:    trog_hazing_becter, uniq_urug, uniq_harold, uniq_snorg
Orc:3:    nicolae_orc_pool_cavern, mines2_david
Orc:4:    st_orc_elflike, sword_in_stone
Elf:1:    minmay_elf_demonology
Elf:2:    basic_altar
Elf:3:    minmay_elf_hall_dome, minivault_14, uniq_roxanne
Vaults:1: ontoclasm_vaults_claustrophobia, v_misc_26, hangedman_vaults_impose,
          hangedman_vaults_impose, v_misc_17, vaults_dpeg_diagonal,
          vaults_room_grid, nicolae_vaults_statue_guard, vaults_dpeg_hooks,
          nicolae_vaults_alarming, vaults_room_grid
Vaults:2: v_misc_2, ontoclasm_vaults_loading_screen, ontoclasm_vaults_bender,
          nicolae_vaults_little_squares_6, vaults_room_hallway,
          vaults_room_door_hall, v_pattern_4, vaults_mumra_minichess,
          ontoclasm_vaults_spin, ontoclasm_vaults_loading_screen,
          nicolae_vaults_little_squares_6
Vaults:3: nicolae_vaults_mini_display_case, ontoclasm_vaults_gateway,
          grunt_vaults_bifocal, nicolae_vaults_ring_of_whatevers, v_misc_29,
          minmay_crypt_entry_nasty_monster, ontoclasm_vaults_water_temple,
          hangedman_vaults_slice, grunt_vaults_trifunnel,
          ontoclasm_vaults_shuriken, grunt_vaults_hallway_short,
          nicolae_vaults_stairing_the_circle, nicolae_vaults_little_squares_5,
          serial_shops, bzr_firewalk, uniq_margery
Vaults:4: v_misc_10, kb_rosetta, vaults_dpeg_cross, nicolae_vaults_shelves_hall,
          vaults_mumra_hex, grunt_vaults_funnel, nicolae_vaults_sealed_display,
          hangedman_vaults_corner_blocks, hangedman_vaults_locks,
          v_alt_pattern_6
Vaults:5: serial_shops, uniq_sojobo, uniq_mennas
Crypt:1:  uniq_donald
Crypt:2:  minivault_24, st_stairs_12
Crypt:3:  quadcrypt_mu, uniq_saint_roka, uniq_boris
Depths:1: hell_entry, minmay_misc_feat_encased, serial_co_window_serial,
          co_window_paths_a, co_window_paths_b, co_window_corner_a,
          co_window_of_opportunity_a, co_window_of_opportunity_a,
          co_window_cross_1, co_window_broadway_c, co_window_broadway_a,
          co_window_broadway_a, co_window_unsneaky_path_b,
          co_window_of_opportunity_b, co_window_broadway_b,
          co_window_broadway_c, co_window_paths_d, glass_columns_b,
          glass_columns_a, glass_columns_a, glass_columns_b, st_stairs_13,
          nooodl_food_tri
Depths:2: minmay_ice_pillars, abyss_entry, kennysheep_cross_bottleneck,
          grunt_hell_entry_dis_mu, rand_demon_pan_entry_3, serial_bayou_shore_b,
          serial_bayou_shore_b, infiniplex_staircase_zigzag_1
Depths:3: cheibrodos_lost_city_excavation, pan_entry, hell_entry,
          mu_enter_wizlab_5, minmay_statues_item,
          hangedman_abyss_or_decor_jellyfish_corner
Depths:4: wad_statue_garden, grunt_pan_entry_sceptre, abyss_entry,
          minmay_staircase_windowed_small, hell_entry, basic_stair_grate_trap,
          serial_bayou_shore_b
Depths:5: grunt_zot_entry_tricorne, enter_ziggurat_b, grunt_hell_horde,
          hangedman_decor_growths, nicolae_trove_entry_diagonal, special_room,
          hangedman_abyss_entry_splay, uniq_frederick
Zot:2:    lemuel_draconian_sentries
Abyss:3:  hangedman_abyss_sting
Pan:      evilmike_mini_pan_T, evilmike_mini_pan_corridor,
          nicolae_pan_sigil_itan, rand_demon_1, grunt_pan_spiral,
          enter_ziggurat_pan_b, rand_demon_3, pan_blood_fountain_small,
          nicolae_pan_gloorx_vloqian_1, reaverb_pan_figure_eight,
          evilmike_mini_pan_other_thingy, pan_blood_fountain_small,
          grunt_pan_in_and_out, pan_blood_fountain_small,
          nicolae_pan_gloorx_vloqian_4, evilmike_mini_pan_3x3,
          pan_blood_fountain_small, nicolae_pan_diamonds,
          evilmike_mini_pan_doors, nicolae_pan_mnolegish_5,
          evilmike_mini_pan_doors_b, nicolae_pan_cerebovesque_1,
          grunt_pan_frozen_over, evilmike_mini_pan_thingy,
          evilmike_cerebov_lava, grunt_pan_sceptre, pan_blood_fountain_small,
          rand_demon_5, lemuel_hellion_island, pan_blood_fountain,
          nicolae_pan_lom_lobonic_3, nicolae_pan_sigil_nadil,
          pan_captured_pigsty
Zig:5:    ziggurat_loot_2
Zig:7:    ziggurat_loot_1
Zig:8:    ziggurat_pillar_centre_oklobs
Bazaar:   bazaar_kb_twisted_cavern
IceCv:    ice_cave_statue_garden_01
Volcano:  volcano_village

Table legend:
 A = Turns spent in this place as a percentage of turns spent in the entire game.
 B = Non-inter-level travel turns spent in this place as a percentage of non-inter-level travel turns spent in the entire game.
 C = Inter-level travel turns spent in this place as a percentage of turns spent in this place.
 D = Turns resting spent in this place as a percentage of non-inter-level travel turns spent in this place.
 E = Turns spent auto-exploring this place as a percentage of non-inter-level travel turns spent in this place.
 F = Non-inter-level travel turns spent in this place divided by the number of levels of this place that you've seen.
                   A       B       C       D       E      F
               +-------+-------+-------+-------+-------+----------------------
         Total | 100.0 | 100.0 |   0.5 |   1.8 |   5.8 | 465.4
       Dungeon |  18.6 |  18.5 |   0.8 |   2.3 |   6.1 | 539.3
        Temple |   0.1 |   0.1 |   5.7 |   0.0 |  39.4 |  33.0
          Lair |  10.6 |  10.6 |   0.6 |   2.9 |   4.3 | 580.9
        Shoals |   5.1 |   5.1 |   0.4 |   2.2 |   5.2 | 561.8
     Snake Pit |   4.9 |   4.9 |   0.5 |   2.4 |   6.7 | 541.2
    Slime Pits |   4.4 |   4.4 |   0.4 |   2.3 |   4.0 | 324.0
  Orcish Mines |   3.3 |   3.3 |   0.6 |   1.7 |   8.2 | 359.0
   Elven Halls |   3.4 |   3.4 |   0.7 |   0.0 |  10.0 | 495.0
        Vaults |  11.1 |  11.1 |   0.7 |   1.2 |   6.1 | 971.4
         Crypt |   4.4 |   4.4 |   0.4 |   0.8 |   5.6 | 646.0
        Depths |   7.6 |   7.6 |   0.6 |   1.5 |   5.3 | 661.0
           Zot |   4.0 |   4.0 |   0.5 |   2.4 |   3.9 | 435.5
         Abyss |   6.4 |   6.4 |   0.0 |   2.3 |   3.8 | 705.2
   Pandemonium |  13.8 |  13.9 |   0.0 |   0.4 |   7.1 | 357.2
      Ziggurat |   1.3 |   1.3 |   0.0 |   1.1 |   2.5 |  70.0
        Bazaar |   0.1 |   0.1 |   0.0 |   0.0 |  17.9 |  56.0
      Ice Cave |   0.3 |   0.3 |   0.0 |   0.0 |   0.0 | 149.0
       Volcano |   0.5 |   0.5 |   0.0 |  10.2 |   0.5 | 205.0
               +-------+-------+-------+-------+-------+----------------------

Table legend:
 A = Kills in this place as a percentage of kills in entire the game.
 B = Kills by you in this place as a percentage of kills by you in the entire game.
 C = Kills by friends in this place as a percentage of kills by friends in the entire game.
 D = Other kills in this place as a percentage of other kills in the entire game.
 E = Experience gained in this place as a percentage of experience gained in the entire game.
 F = Experience gained in this place divided by the number of levels of this place that you have seen.
                   A       B       C       D       E      F
               +-------+-------+-------+-------+-------+----------------------
         Total | 100.0 | 100.0 | 100.0 | 100.0 | 100.0 | 26906.5
       Dungeon |  14.9 |  15.0 |   0.0 |   6.7 |   3.7 | 6207.8
          Lair |   9.1 |   9.0 | 100.0 |   6.7 |   3.6 | 11363.0
        Shoals |   4.1 |   4.1 |   0.0 |   6.7 |   4.2 | 26596.5
     Snake Pit |   5.1 |   5.1 |   0.0 |   0.0 |   5.0 | 31547.8
    Slime Pits |   4.7 |   4.8 |   0.0 |   0.0 |   4.8 | 20297.3
  Orcish Mines |   4.9 |   4.9 |   0.0 |   0.0 |   0.7 | 4216.2
   Elven Halls |   3.1 |   3.1 |   0.0 |   0.0 |   3.9 | 32990.0
        Vaults |  11.3 |  11.3 |   0.0 |  26.7 |  14.7 | 74190.6
         Crypt |   4.0 |   4.0 |   0.0 |   6.7 |   5.4 | 45825.0
        Depths |   8.2 |   8.2 |   0.0 |   6.7 |  11.4 | 57484.0
           Zot |   1.7 |   1.7 |   0.0 |   6.7 |   4.9 | 30887.0
         Abyss |   8.0 |   8.0 |   0.0 |   0.0 |   6.5 | 40840.5
   Pandemonium |  18.9 |  18.9 |   0.0 |  26.7 |  29.7 | 44172.1
      Ziggurat |   1.6 |   1.6 |   0.0 |   0.0 |   1.6 | 4945.5
      Ice Cave |   0.2 |   0.2 |   0.0 |   0.0 |   0.0 | 955.0
       Volcano |   0.1 |   0.1 |   0.0 |   6.7 |   0.0 | 789.0
               +-------+-------+-------+-------+-------+----------------------
